Description

Pretty standard opening by Lowko (see http://lowko.tv/). Created by Solar who won the first big Legacy of the Void event.

Early economic head start, protected by Queens and lings for the first minutes, transition into a fast and strong timing attack with Roaches when +1/+1 and speed finishes.

More details at http://lowko.tv/starcraft-2/solars-zerg-vs-terran-build-order-legacy-void/

VOD

https://www.youtube.com/watch?v=SUOhXtYRl0o

Replay - Lowko VS Tool Macro Lings

Build Order

Get SALT Encoding   

  13  0:12  Overlord  
  17  0:53  Hatchery  
  18  1:10  Extractor  
  18  1:19  Spawning Pool  
  19  1:40  Overlord  
  21  2:06  Zergling x4, Queen x2  
  25  2:12  Metabolic Boost  keep droning
  31  2:41  Queen  
  31  2:44  Overlord  build overlords every time you make cocoons from now on
  44  3:39  Roach Warren  second queen finishes, drones are full
  43  3:43  Hatchery  
  44  3:50  Extractor x2  
  48  4:07  Zergling x4  
  50  4:21  Roach x4  maybe some more units if the opponent is agressive, but drones are priority
  64  4:44  Queen  
  72  5:09  Lair, Evolution Chamber x2, Extractor  
  77  5:26  Zergling   about 10-20 lings
  87  5:37  Zerg Ground Armor Level 1  
  87  5:44  Zerg Missile Weapons Level 1  
  87  5:49  Extractor x2  3rd hatch droned up
  97  6:12  Glial Reconstitution  
  97  6:13  Roach  Mass roaches/ravagers
Spawning Tool Build Advisor. Get it on Overwolf

Analysis

This opening can be used against Terran and Protoss to great effect.

The goal is to protect the all the drones until you have 3 bases going at full capacity. Then, produce roaches/ravagers and lings.

Move out at 7:00 with about 150 supply worth of units (over 10 roaches, 10 ravagers and 30 zerlings). The upgrades will finish at 7:30, where you should engage the opposing army and get the upper hand.

Go to:

Details

  • Created by: jonhwoods
  • Published on: Dec 08, 2015
  • Modified on: Dec 21, 2015
  • Patch: Pre-3.8.0
Show
View Real Time Build Order
Export as new Build Order

Comments (6)

On March 14, 2016, 2:15 p.m., firebird2552  said:

The salt code does not work correctly starting at the 2x queens everything's timing gets messed up

On Feb. 7, 2016, 10:09 p.m., RyleyDoh  said:

In the video he makes the lair at 62 supply (4:30) not 72 (5:09), I noticed some other things were off compared to the video so that's kinda misleading if you're going by the written build.

On Jan. 10, 2016, 8:33 p.m., HanzoJR  said:

Yeah, I got to develop my game again in Lotv with this build.
before that, I lose for silver ppl easily

thank you.

On Dec. 11, 2015, 6:52 p.m., StoicLoofah  said:

Got it. Do you think you could link that VOD onto this build order as well so that other users can see the same example?

On Dec. 9, 2015, 8:25 p.m., jonhwoods  said:

Yes, seems like that's exactly it! That link gives a few more details too!

I made this one from a replay to import it into the SALT mod for practice. After practicing for a few hours (2h in SALT to develop build and queen reflexes, 2h against AI up to Elite), I managed to place Gold League with it.

On Dec. 9, 2015, 7:48 p.m., StoicLoofah  said:

Is this the build being described in http://lowko.tv/starcraft-2/solars-zerg-vs-terran-build-order-legacy-void/ ?

Create an account to comment!